 Dungeon Crawl Stone Soup version bcrawl-1.14.2-1-gc900083943 (webtiles) character file.

Game seed: 11940481581002512772

78 Chiseanne the Sneak (level 4, 0/29 HPs)
             Began as an Octopode Archaeologist on Sept 21, 2019.
             Killed by divine providence
             ... invoked by an orc priest
              (10 damage)
             ... on level 2 of the Dungeon.
             The game lasted 00:03:11 (1381 turns).

Chiseanne the Sneak (Octopode Archaeologist)        Turns: 1381, Time: 00:03:11

Health: 0/29       AC:  3    Str: 10    XL:     4   Next: 36%
Magic:  4/4        EV: 14    Int: 16    God:
Gold:   170        SH:  0    Dex: 11    Spells: 3/3 levels left

rFire    . . .     SeeInvis .   a - +1 spear
rCold    . . .     Gourm    .   (no shield)
rNeg     . . .     Faith    .   b - +2 hat
rPois    .         Spirit   .   (cloak restricted)
rElec    .         Reflect  .   (no amulet)
rCorr    .         Harm     .   e - ring of stealth
MR       .....                  (no ring)
Stlth    ++++++....             (no ring)
HPRegen  0.09/turn              (no ring)
MPRegen  0.09/turn              (no ring)
                                (no ring)
                                (no ring)
                                (no ring)

@: studying Long Blades
A: almost no armour, stealthy swim, amphibious, 8 rings, constrict 8, camouflage
1, gelatinous body 1
a: no special abilities


You were on level 2 of the Dungeon.
You were hungry.

You visited 1 branch of the dungeon, and saw 2 of its levels.

You collected 170 gold pieces.

Inventory:

Hand Weapons
 a - a +1 spear (weapon)
 s - a +0 dagger of venom
Missiles
 i - 256 arrows
 m - 487 stones (quivered)
 n - 358 sling bullets
Armour
 b - a +2 hat (worn)
 l - a +0 large shield
Jewellery
 e - a ring of stealth (left tentacle)
Scrolls
 k - 2 scrolls of fear
Potions
 j - 2 potions of heal wounds
 o - a potion of cancellation {unknown}
 p - a potion of berserk rage {unknown}
Books
 c - a manual of Long Blades
Miscellaneous
 d - an ancient crate
Comestibles
 f - 4 rations {!d}
 g - a chunk of flesh


   Skills:
 - Level 1.7 Fighting
 + Level 3.9 Long Blades
   Level 1.0 Maces & Flails
 - Level 3.3 Dodging
 - Level 5.0 Stealth


You had 3 spell levels left.
You didn't know any spells.
Your spell library was empty.

Dungeon Overview and Level Annotations

Branches:
Dungeon (2/12)

Altars:


Innate Abilities, Weirdness & Mutations

You cannot wear most types of armour.
You are very stealthy in the water. (Stealth+)
You are amphibious.
You can wear up to eight rings at the same time.
You can use your tentacles to constrict eight enemies at once.
Your skin changes colour to match your surroundings (Stealth+).
Your rubbery body absorbs attacks. (AC +1, EV +1)


Message History

You kill the orc wizard!
Your Long Blades skill increases to level 3!
You have reached level 4!
The orc closely misses you.
You hit the orc.
You kill the orc!
You are feeling hungry.
An orc and an orc priest come into view.
The orc priest shouts!
The orc shouts!
You hear an angry hiss.
You hear a shout!
The orc shouts!
Things that are here:
a +0 hand axe; an orc corpse You butcher the orc corpse.
An adder comes into view.
Things that are here:
a +0 hand axe; a chunk of flesh; an orc skeleton
g - a chunk of flesh The orc priest mumbles some strange prayers to Beogh against you.
Beogh smites you!
You die...

# ...## ####### #######
....## #.....# ##..oS.oS
.....# ##.>.@.#######))# #
.....# #.......o.o.oS.## #
.....# ####......#########
# .....####...........#
#####
.....##...###.....#.#
#.... ....)...###
####..#.####......###
.....############........#
## .....#
#..........).##### ###.
.....# #...########..####
#...


You could see an orc priest and 2 orcs.

Vanquished Creatures
  An orc wizard (D:2)
  An ooze (D:1)
  2 worms (D:2)
  A dart slug (D:1)
  An orc (D:2)
  2 ball pythons (D:2)
  3 giant cockroaches
  2 goblins
  7 hobgoblins
  8 bats
  2 frilled lizards (D:1)
  2 kobolds (D:2)
  5 rats
37 creatures vanquished.

Notes
Turn   | Place    | Note
-------+----------+-------------------------------------------
     0 | D:1      | Chiseanne the Octopode Archaeologist began the quest for
                  | the Orb.
     0 | D:1      | Reached XP level 1. HP: 13/13 MP: 1/1
   120 | D:1      | Reached XP level 2. HP: 18/18 MP: 2/2
   526 | D:1      | Reached skill level 5 in Stealth
   643 | D:2      | Reached XP level 3. HP: 24/24 MP: 3/3
   673 | D:2      | Reached skill level 1 in Long Blades
  1284 | D:2      | HP: 1/24 [orc/+0 hand axe (7)]
  1285 | D:2      | Reached XP level 4. HP: 1/29 MP: 4/4
  1381 | D:2      | Killed from afar by an orc priest

Skill      XL: |  1  2  3 |
---------------+----------+-----
Stealth        | 5 |  5.0
Long Blades    | 3 |  3.9
Fighting       | |  1.7
Maces & Flails | |  1.0
Dodging        | |  3.3

Action                   |  1- 3 |  4- 6 || total
-------------------------+-------+-------++-------
Melee: Whip              |    22 |       ||    22
       Tentacles         |    17 |       ||    17
       Constrict         |    25 |       ||    25
       Spear             |    67 |     1 ||    68
  Use: Scroll            |     7 |       ||     7
 Stab: Sleeping          |    14 |       ||    14
  Eat: Chunk             |     1 |       ||     1
Armor: Skin              |    18 |       ||    18
Dodge: Dodged            |    65 |     1 ||    66
